 Dungeon Crawl Stone Soup version 0.30.0-18-gc0e69614cb (webtiles) character file.

Game seed: 12148728033777096193

368 Hades the Covered (level 6, -10/34 (48) HPs)
             Began as a Demonspawn Fighter on May 23, 2023.
             Was an Initiate of Kikubaaqudgha.
             Mangled by a kobold
             ... wielding a +1 whip of distortion
              (17 damage)
             ... on level 5 of the Dungeon.
             The game lasted 00:27:42 (4075 turns).

Hades the Covered (Demonspawn Fighter)              Turns: 4075, Time: 00:27:42

HP:   -10/34 (48)   AC: 13    Str: 19      XL:     6   Next: 41%
MP:   9/9           EV:  8    Int:  8 (9)  God:    Kikubaaqudgha [......]
Gold: 280           SH:  9    Dex: 15      Spells: 9/9 levels left

rFire   + . .        a - +2 war axe
rCold   . . .        i - +0 kite shield
rNeg    + . .        b - +2 scale mail
rPois   .            (helmet restricted)
rElec   +            r - scarf {+Inv}
rCorr   .            h - +0 pair of gloves
SInv    .            (no boots)
Will    +....        (no amulet)
Stlth   +            f - ring "Bice" {rElec rF+ rN+ Dex+3 Stlth+}
HPRegen 0.25/turn    (no ring)
MPRegen 0.11/turn

%: no passive effects
@: very slightly contaminated, very heavily drained
A: hooves 1, yellow scales 2, antennae 1, strong-willed 1, subdued magic 1,
noise suppression
a: Renounce Religion, Evoke Invisibility


You were on level 5 of the Dungeon.
You worshipped Kikubaaqudgha.
Kikubaaqudgha was noncommittal.
You visited 1 branch of the dungeon, and saw 5 of its levels.

You collected 280 gold pieces.

Inventory:

Hand Weapons
 a - a +2 war axe (weapon)
 v - the +6 flail "Dedilae" {heavy, rElec Int-2 Dex+4}
   (You found it on level 4 of the Dungeon)

   Int:       It affects your intelligence (-2).
   Dex:       It affects your dexterity (+4).
   rElec:     It insulates you from electricity.
Armour
 b - a +2 scale mail (worn)
 c - a +0 buckler
 h - a +0 pair of gloves (worn)
 i - a +0 kite shield (worn)
 r - a scarf of invisibility (worn)
Jewellery
 f - the ring "Bice" (left hand) {rElec rF+ rN+ Dex+3 Stlth+}
   (You found it on level 2 of the Dungeon)

   [ring of positive energy]

   Dex:       It affects your dexterity (+3).
   rF:        It protects you from fire.
   rElec:     It insulates you from electricity.
   rN:        It protects you from negative energy.
   Stlth:     It makes you more stealthy.
 p - a +4 ring of protection
 u - a ring of positive energy
Wands
 e - a wand of mindburst (16)
 w - a wand of quicksilver (4)
Scrolls
 g - 5 scrolls of identify
 k - a scroll of magic mapping {unknown}
 m - 5 scrolls of fear
 q - 2 scrolls of brand weapon {unknown}
 s - a scroll of noise {unknown}
 t - a scroll of poison {unknown}
 y - a scroll of torment
Potions
 d - 4 potions of might
 j - 3 potions of curing
 l - 3 potions of heal wounds
 n - 3 potions of flight {unknown}
 o - 5 potions of haste {unknown}
 x - a potion of brilliance
 z - a potion of resistance {unknown}


   Skills:
 + Level 3.7 Fighting
 + Level 3.7 Axes
 + Level 3.8 Armour
 + Level 1.0 Dodging
 + Level 3.2 Shields
 * Level 2.2 Spellcasting
 * Level 0.6 Necromancy
 * Level 0.5 Evocations


You had 9 spell levels left.
You didn't know any spells.
Your spell library contained the following spells:

 Spells                   Type           Power      Damage    Failure   Level
 Beastly Appendage        Tmut           0%         N/A       94%         1
 Sublimation of Blood     Necr           1%         N/A       96%         2
 Lesser Beckoning         Tloc           0%         N/A       98%         2
 Static Discharge         Conj/Air       0%         2-2/arc   98%         2
 Wereblood                Tmut           0%         N/A       98%         2
 Gell's Gravitas          Tloc           0%         N/A       100%        3
 Hailstorm                Conj/Ice       0%         3d3       100%        3
 Inner Flame              Hex/Fire       0%         N/A       100%        3
 Spider Form              Tmut/Pois      0%         N/A       100%        3
 Teleport Other           Tloc           0%         N/A       100%        3
 Airstrike                Air            0%         2d(0-16)  100%        4
 Flame Wave               Conj/Fire      0%         2d4       100%        4
 Ice Form                 Ice/Tmut       0%         N/A       100%        4
 Sticky Flame             Conj/Fire      0%         2d3       100%        4
 Summon Lightning Spire   Summ/Air       0%         N/A       100%        4
 Simulacrum               Ice/Necr       0%         N/A       100%        6
 Summon Hydra             Summ           0%         N/A       100%        7


Dungeon Overview and Level Annotations

Branches:
Dungeon (5/15)
 Temple: D:4-7

Altars:
Cheibriados
Kikubaaqudgha
Sif Muna
Vehumet
Wu Jian
Xom
Yredelemnul

Shops:
D:5 *

Portals:
Abyss: D:5

Annotations:
D:5 GloriousHammer's ghost, novice TeFE


Innate Abilities, Weirdness & Mutations

You have large cloven feet.
You are mostly covered in yellow scales. (AC +3)
You have a pair of small antennae on your head.
You are strong-willed. (Will+)
Your spells are a little easier to cast, but a little less powerful.
You passively dampen the noise of your surroundings.


Message History

You flicker for a moment.
You flicker back into view.
You feel drained.
You fade into invisibility!
You flicker for a moment.
There is a transporter here.
You enter the transporter and appear at another place.
You flicker back into view.
You see here a book of Displacement.
You pick up a book of Displacement and begin reading...
You add the spells Lesser Beckoning, Gell's Gravitas and Teleport Other to your library.
The small abomination enters a dispersal trap!
You blink.
The kobold shouts!
You block the small abomination's attack.
You block the small abomination's attack.
The kobold barely misses you.
There is a transporter here.
You enter the transporter and appear at another place.
The quasit gives a chilling moan.
GloriousHammer's ghost turns its malevolent gaze towards you.
You block the small abomination's attack.
The kobold barely misses you.
You block the small abomination's attack.
You block the kobold's attack.
You block the small abomination's attack.
The kobold attacks as you move away! The kobold hits you but does no damage.
The small abomination hits you but does no damage.
You barely miss the small abomination. Your kick misses the small abomination.
You barely miss the kobold. The kobold hits you but does no damage.
Space warps horribly around you! The small abomination hits you!
You barely miss the small abomination. Your kick misses the small abomination.
You hit the kobold but do no damage. The kobold closely misses you.
The small abomination hits you!
* * * LOW HITPOINT WARNING * * *
You feel better. The kobold hits you but does no damage.
Space warps horribly around you!
Ouch! That really hurt!
You die...
Kikubaaqudgha rasps: "You have failed me!
Welcome... death!"

##....##....... .##.<..
......#........... .......#
#................. .......#
#................. ##
......######................
... ......##..#.......#........
....#.#...#.....#....##........
...#.#......................$.
...#......x@................ .
##.#....©.K....##.........#
..##......###....####.......##
..........#5##..##).####...####
...#......#..#..#).#.©.##...#..
..#.#....##.##..###..#..#......
..#......#..##...###.#.##......
.........#.#.##....##.##.......
.........## . ###.##..##...##..


You could see a small abomination and a kobold.

Vanquished Creatures
  A phantom (D:3)
  A scorpion (D:5)
  A jelly (D:5)
  A sleepcap (D:5)
  2 iguanas
  5 adders
  2 worms
  3 orcs (D:3)
  6 bats
  11 endoplasms
  4 giant cockroaches
  6 goblins
  6 hobgoblins
  6 kobolds
  7 quokkas
  3 ball pythons
  7 frilled lizards
  5 rats
77 creatures vanquished.

Notes
Turn   | Place    | Note
-------+----------+-------------------------------------------
     0 | D:1      | Hades the Demonspawn Fighter began the quest for the Orb.
     0 | D:1      | Reached XP level 1. HP: 18/18 MP: 1/1
   495 | D:1      | Gained mutation: You are partially covered in yellow
                  | scales. (AC +2) [demonic ancestry]
   495 | D:1      | Reached XP level 2. HP: 21/24 MP: 2/2
  1049 | D:2      | Gained mutation: You have large cloven feet. [demonic
                  | ancestry]
  1049 | D:2      | Reached XP level 3. HP: 28/29 MP: 3/3
  1224 | D:2      | Reached skill level 1 in Spellcasting
  1224 | D:2      | Reached XP level 4. HP: 30/35 MP: 5/5
  1602 | D:2      | Gained mutation: You passively dampen the noise of your
                  | surroundings. [potion of mutation]
  1602 | D:2      | Gained mutation: Your spells are a little easier to cast,
                  | but a little less powerful. [potion of mutation]
  1602 | D:2      | Gained mutation: You have hidden genetic potential. [potion
                  | of mutation]
  1819 | D:2      | Identified the ring "Bice" {rElec rF+ rN+ Dex+3 Stlth+}
  1995 | D:3      | Found a snail-covered altar of Cheibriados.
  2505 | D:3      | Noticed a phantom
  2529 | D:3      | Killed a phantom
  2530 | D:3      | Reached XP level 5. HP: 30/41 MP: 6/8
  2538 | D:3      | Gained mutation: You have a pair of small antennae on your
                  | head. [hidden potential]
  2876 | D:4      | Identified the +6 flail "Dedilae" {heavy, rElec Int-2
                  | Dex+4}
  2915 | D:4      | Found a shimmering blue altar of Sif Muna.
  2930 | D:4      | Found a radiant altar of Vehumet.
  3184 | D:4      | Found an ornate altar of the Wu Jian Council.
  3192 | D:4      | Found a basalt altar of Yredelemnul.
  3195 | D:4      | Found a shimmering altar of Xom.
  3197 | D:4      | Found an ancient bone altar of Kikubaaqudgha.
  3225 | D:4      | Became a worshipper of Kikubaaqudgha
  3646 | D:5      | Entered Level 5 of the Dungeon
  3654 | D:5      | Noticed a small abomination
  3668 | D:5      | Reached skill level 1 in Dodging
  3668 | D:5      | Gained mutation: You are mostly covered in yellow scales.
                  | (AC +3) [demonic ancestry]
  3668 | D:5      | Reached XP level 6. HP: 26/47 MP: 9/9
  3860 | D:5      | Found a transporter.
  3867 | D:5      | Found Woock's Overcharged Wands.
  3894 | D:5      | Gained mutation: You are strong-willed. (Will+) [hidden
                  | potential]
  3894 | D:5      | Lost mutation: You have hidden genetic potential. [hidden
                  | potential expressed]
  3925 | D:5      | Found a transporter.
  3927 | D:5      | Found a one-way gate to the infinite horrors of the Abyss.
  3927 | D:5      | Noticed GloriousHammer's ghost (novice TeFE)
  4075 | D:5      | Mangled by a kobold

Illustrated notes

Levels and vault maps discovered:
D:1:      roderic_crop_circles_arrival_small, layout_rooms
D:2:      minmay_chambers_of_twos, layout_loops_ring, minmay_misc_feat_enclosed,
          dk_vineyard_2
D:3:      layout_loops_cross, lemuel_doored_altar, minmay_joined_circles
D:4:      layout_cave_pools, mainiacjoe_overflow_big_doors,
          chequers_temple_overflow_minitemple
D:5:      layout_cave_pools, mainiacjoe_overflow_tiny_flanked,
          gammafunk_ghost_abyssal_escape, nicolae_shop_overcharged_wands,
          uniq_ijyb

Skill      XL: |  1  2  3  4  5 |
---------------+----------------+-----
Armour         | 3 |  3.8
Shields        | 3 |  3.2
Axes           | 2 3 |  3.7
Spellcasting   | 1 2 |  2.2
Dodging        | 1 |  1.0
Fighting       | |  3.7
Necromancy     | |  0.6
Evocations     | |  0.5

Action                     |  1- 3 |  4- 6 || total
---------------------------+-------+-------++-------
  Melee: War axe           |   305 |   151 ||   456
         Kick              |     4 |    36 ||    40
Ability: Evoke Invisibilit |       |     2 ||     2
    Use: Potion            |       |     8 ||     8
         Scroll            |       |     6 ||     6
 Armour: Scale mail        |    60 |    92 ||   152
         Skin              |       |     8 ||     8
  Dodge: Dodged            |    56 |    67 ||   123
  Block: Buckler           |    16 |    18 ||    34
         Kite shield       |       |    41 ||    41
